 Dungeon Crawl Stone Soup version 0.27-a0-385-g3208abaabc (webtiles) character file.

Game seed: 8920956472000287027

16 Chiseanne the Skirmisher (level 2, -2/23 HPs)
             Began as a Demonspawn Wanderer on Feb 19, 2021.
             Slain by a worm (8 damage)
             ... on level 2 of the Dungeon.
             The game lasted 00:01:10 (616 turns).

Chiseanne the Skirmisher (Demonspawn Wanderer)       Turns: 616, Time: 00:01:10

Health: -2/23      AC:  5    Str: 14    XL:     2   Next: 41%
Magic:  2/2        EV: 10    Int: 11    God:
Gold:   0          SH:  0    Dex: 12    Spells: 1/1 levels left

rFire    . . .     SeeInvis .   i - staff of poison
rCold    . . .     Faith    .   (no shield)
rNeg     . . .     Spirit   .   c - +0 ring mail
rPois    +         Reflect  .   (no helmet)
rElec    .         Harm     .   (no cloak)
rCorr    .         Rampage  .   (no gloves)
Will     .....                  (no boots)
Stlth    ..........             (no amulet)
HPRegen  0.07/turn              (no ring)
MPRegen  0.08/turn              (no ring)

@: no status effects
A: hooves 1
a: no special abilities


You were on level 2 of the Dungeon.
You visited 1 branch of the dungeon, and saw 2 of its levels.

Inventory:

Hand Weapons
 a - a +2 dagger
Missiles
 b - 3 curare-tipped darts (quivered)
 e - 17 stones
 f - 13 bolts
 g - 18 poisoned darts
 h - 5 boomerangs
Armour
 c - a +0 ring mail (worn)
Magical Staves
 i - a staff of poison (weapon)
Scrolls
 d - 2 scrolls of teleportation


   Skills:
 * Level 2.3 Fighting
 - Level 1.7 Axes
 - Level 1.0 Throwing
 * Level 1.5 Armour
 * Level 1.4 Dodging
 - Level 1.0 Shields
 - Level 1.7 Unarmed Combat


You had one spell level left.
You didn't know any spells.
Your spell library was empty.

Dungeon Overview and Level Annotations

Branches:
Dungeon (1/15)

Altars:


Innate Abilities, Weirdness & Mutations

You have large cloven feet.


Message History

The worm bites you.
There is a stone staircase leading down here.
You hit the worm but do no damage. You hit the worm but do no damage.
The worm closely misses you.
You barely miss the worm. You kick the worm, but do no damage.
The worm barely misses you.
You hit the worm.
The worm is lightly wounded.
The worm bites you but does no damage.
You hit the worm.
The worm is moderately wounded.
You hit the worm but do no damage. Your kick misses the worm.
The worm is moderately wounded.
The worm bites you.
You hit the worm but do no damage. Your kick misses the worm.
The worm is lightly wounded.
The worm bites you!
* * * LOW HITPOINT WARNING * * *
You are too injured to fight recklessly!
You are too injured to fight recklessly!
You are too injured to fight recklessly!
You are too injured to fight recklessly!
You are too injured to fight recklessly!
You are too injured to fight recklessly!
You are too injured to fight recklessly!
You are too injured to fight recklessly!
You are too injured to fight recklessly!
You are too injured to fight recklessly!
You are too injured to fight recklessly!
You are too injured to fight recklessly!
You are too injured to fight recklessly!
You are too injured to fight recklessly!
You are too injured to fight recklessly!
You are too injured to fight recklessly!
You are too injured to fight recklessly!
You are too injured to fight recklessly!
You hit the worm but do no damage. Your kick misses the worm.
The worm is lightly wounded.
The worm bites you!
You die...

# ##### ...
...###########
###..#####.#.........#
#.....w@.....#######.#
#.#..#####.### #.# ...
#.# ##.## .
..########...##
#######......###.#
#.......####.# #.#
#.).....# #.###.#
#.......# ##...##
#.......# ###.#


You could see a worm.

Vanquished Creatures
  An adder (D:2)
  2 giant cockroaches (D:2)
  2 bats (D:2)
  A frilled lizard (D:2)
  2 kobolds
  A rat (D:2)
9 creatures vanquished.

Notes
Turn   | Place    | Note
-------+----------+-------------------------------------------
     0 | D:1      | Chiseanne the Demonspawn Wanderer began the quest for the
                  | Orb.
     0 | D:1      | Chiseanne set off with the following items: a +2 dagger, 3
                  | curare-tipped darts, a +0 ring mail, a scroll of
                  | teleportation
     0 | D:1      | Reached XP level 1. HP: 16/16 MP: 1/1
   166 | D:1      | You fall into a shaft and drop 1 floor!
   197 | D:2      | Gained mutation: You have large cloven feet. [demonic
                  | ancestry]
   197 | D:2      | Reached XP level 2. HP: 10/22 MP: 2/2
   616 | D:2      | Slain by a worm

Illustrated notes

Levels and vault maps discovered:
D:1:      lightli_iron_boxes, layout_basic
D:2:      layout_loops_cross, uniq_natasha

Action                   || total
-------------------------++-------
Melee: Dagger            ||    24
       Staff             ||    14
       Kick              ||     5
Armor: Ring mail         ||    15
Dodge: Dodged            ||    17

Table legend: (Time is in decaauts)
 A = Elapsed time spent in this place.
 B = Non-inter-level travel time spent in this place.
 C = Inter-level travel time spent in this place.
 D = Time resting spent in this place.
 E = Time spent auto-exploring this place.
 F = Levels seen in this place.
 G = Mean time per level.
                   A        B        C        D        E       F      G
               +--------+--------+--------+--------+--------+-----+--------+
         Total |    616 |    616 |      0 |    299 |    241 |   2 |  308.0 |
       Dungeon |    616 |    616 |      0 |    299 |    241 |   2 |  308.0 |
               +--------+--------+--------+--------+--------+-----+--------+

Top non-repeatable levels by time:
     D:2: 450 daAuts
     D:1: 166 daAuts
